 Dungeon Crawl Stone Soup version 0.16.1-30-g34a7ffa (webtiles) character file.

5355 Jb9000 the Ducker (level 10, -2/74 (76) HPs)
             Began as a Vampire Fighter on June 20, 2015.
             Was a High Priest of Okawaru.
             Killed from afar by an electric eel (4 damage)
             ... with a bolt of electricity
             ... on level 9 of the Dungeon.
             The game lasted 01:06:12 (10331 turns).

Jb9000 the Ducker (Vampire Fighter)                Turns: 10331, Time: 01:06:12

HP:   -2/74 (76)    AC:  9    Str: 18    XL:     10   Next: 38%
MP:   10/10         EV: 13    Int: 12    God:    Okawaru [*****.]
Gold: 515           SH: 10    Dex: 15    Spells: 0 memorised, 9 levels left

rFire  . . .     SeeInvis +     I - +7 hand axe of Midnight {drain, Dex+2}
rCold  + . .     Clarity  .     L - +1 ring mail {rC+}
rNeg   . . .     SustAb   .     c - +0 shield
rPois  .         Gourm    +     S - +0 helmet
rElec  .         Spirit   .     (no cloak)
rCorr  .         Warding  .     (no gloves)
rMut   .         Stasis   .     o - +0 pair of boots
MR     +....                    O - amulet of the gourmand
Stlth  +++.......               R - +2 ring of slaying
                                k - ring of stealth

@: regenerating quickly, somewhat resistant to hostile enchantments, fairly
stealthy
A: bottle blood, fangs 3, see invisible, clever 1, wild magic 1, unbreathing
a: Heroism, Finesse, Renounce Religion


You were on level 9 of the Dungeon.
You worshipped Okawaru.
Okawaru was extremely pleased with you.
You were full.

You visited 2 branches of the dungeon, and saw 10 of its levels.
You also visited: Sewer and Ossuary.

You collected 515 gold pieces.

Inventory:

Hand weapons
 u - a +5 flail of protection
 x - a +1 trident of venom
 B - a +2 vampiric scythe
 I - the +7 hand axe of Midnight (weapon) {drain, Dex+2}
   (You found it on level 5 of the Dungeon)

   A truly terrible weapon, it drains the life of those it strikes.
   It affects your dexterity (+2).
 M - a +2 hand axe of flaming
 Q - a +2 whip of electrocution
 T - a +0 blowgun
 V - a +2 scimitar of freezing
Missiles
 f - 56 arrows
 n - 9 tomahawks (quivered)
 p - 25 bolts
 C - 8 bolts of frost
 D - 5 poisoned tomahawks
 H - 45 poisoned needles
 P - 8 poisoned javelins
Armour
 c - a +0 shield (worn)
 o - a +0 pair of boots (worn)
 L - a +1 ring mail of cold resistance (worn)
 S - a +0 helmet (worn)
 W - a +1 ring mail of fire resistance
 X - the cursed -5 buckler of Fortification {Contam Str+4 Int+4}
   (You found it on level 9 of the Dungeon)

   It affects your strength (+4).
   It affects your intelligence (+4).
   It causes magical contamination when unequipped.
   It has a curse placed upon it.
Jewellery
 k - a ring of stealth (left hand)
 A - an uncursed ring of teleportation
 J - an uncursed ring of sustain abilities
 O - an amulet of the gourmand (around neck)
 R - a +2 ring of slaying (right hand)
Magical devices
 r - a wand of lightning (8)
 v - a wand of draining (7)
 y - a wand of fire (5)
 N - a wand of digging (12)
Scrolls
 b - 2 scrolls of magic mapping
 h - 2 scrolls of enchant weapon
 m - a scroll of recharging
 E - 2 scrolls of teleportation
Potions
 a - 3 potions of curing {unknown}
 d - 15 potions of blood
 e - 3 potions of might
 g - a potion of berserk rage {unknown}
 i - 5 potions of mutation
 j - a potion of magic
 l - a potion of agility {unknown}
 q - 2 potions of ambrosia {unknown}
 s - 2 potions of restore abilities
 t - a potion of heal wounds {unknown}
 z - 2 potions of brilliance
 G - 3 potions of haste {unknown}
 U - a potion of lignification {unknown}
Books
 F - a book of Enchantments

   Spells                             Type                      Level
   a - Tukima's Dance                 Hexes                        3
   b - Cause Fear                     Hexes                        4
   c - Silence                        Hexes/Air                    5
   d - Deflect Missiles               Charms/Air                   6
   e - Haste                          Charms                       6
   f - Discord                        Hexes                        8
 K - a book of Ice

   Spells                             Type                      Level
   a - Ice Form                       Ice/Transmutation            4
   b - Metabolic Englaciation         Hexes/Ice                    5
   c - Ozocubu's Refrigeration        Ice                          6
   d - Bolt of Cold                   Conjuration/Ice              6
   e - Freezing Cloud                 Conjuration/Ice/Air          6
   f - Simulacrum                     Ice/Necromancy               6


   Skills:
 + Level 5.9 Fighting
 + Level 2.6 Long Blades
 + Level 4.5(5.1) Axes
 + Level 3.1(4.1) Maces & Flails
 + Level 0.1(2.7) Polearms
 + Level 4.8 Throwing
 + Level 5.7 Armour
 + Level 7.0 Dodging
 + Level 4.0 Stealth
 + Level 6.1 Shields


You had 9 spell levels left.
You didn't know any spells.

Dungeon Overview and Level Annotations

Branches:
Dungeon (9/15)             Temple (1/1) D:5
   Lair: D:8-11         Orc: D:9-12

Altars:
Ashenzari
Cheibriados
Dithmenos
Elyvilon
Fedhas
Gozag
Kikubaaqudgha
Makhleb
Nemelex Xobeh
Okawaru
Qazlal
Ru
Sif Muna
Trog
Vehumet
Xom
Yredelemnul
Zin
The Shining One


Innate Abilities, Weirdness & Mutations

Your natural rate of healing is unusually fast.
You can bottle blood from corpses.
You have razor-sharp teeth.
You have supernaturally acute eyesight.
You can survive without breathing.
Your mind is acute. (Int +2)
Your spells are a little harder to cast, but a little more powerful.


Message History

The bolt of electricity misses you.
The bolt of electricity hits the plant.
The plant appears unharmed.
The bolt of electricity hits the plant.
The electric eel shoots out a bolt of lightning at you!
The bolt of electricity hits the electric eel.
The electric eel resists.
The bolt of electricity hits you!
The bolt of electricity hits the plant. x2
You enter the shallow water.
Moving in this stuff is going to be slow.
The electric eel shoots out a bolt of lightning at you!
The bolt of electricity hits you! The bolt of electricity misses you.
The bolt of electricity hits the electric eel.
The electric eel resists.
The electric eel shoots out a bolt of lightning at you!
The bolt of electricity hits you! x2
* * * LOW HITPOINT WARNING * * *
The electric eel shoots out a bolt of lightning at you!
The bolt of electricity hits you!
* * * LOW HITPOINT WARNING * * *
The bolt of electricity hits you!
You die...

#.#.# #.##≈≈≈##≈≈≈≈≈##;≈≈≈≈≈.
#.#.###.###≈≈####≈≈##≈≈.#≈≈≈#
#.#.....# #≈## ##≈##≈.###.##
#.##########.#######....#...#
#........# ##....###.........
#..#####.# #....'.'.........
#####=.#####.# #....'.#!........
..........##.# ##....###.........
####...##....###@#######≈...#...#
# #.....####.##≈## #≈#≈;≈###.##
##.<.......##≈≈####;≈##.≈≈#;≈≈#
##.########≈;≈#≈≈#≈≈≈##.≈≈≈≈≈.
#.# #.≈≈#≈≈#≈≈≈≈#.P≈≈≈≈≈ #.#
#P.≈#≈≈#≈≈≈≈##..≈≈≈≈ ##'##
#...;≈≈;;≈≈≈≈#..P≈P. ##...##
#P.....≈≈≈.P.##.#.. ##.....##
##.P...P≈.P..≈#


You could see an electric eel.

Vanquished Creatures
  Pikel (D:7)
  A spriggan (D:8)
  2 hungry ghosts
  3 yaks (D:9)
  A hippogriff (D:8)
  A sky beast (D:6)
  A slave (D:7)
  5 ice beasts
  A black bear (D:9)
  A necrophage (D:5)
  4 ogres
  2 centaurs (D:8)
  A crocodile (D:7)
  An elf zombie (Ossuary)
  Sigmund (D:4)
  4 giant frogs
  4 big kobolds
  6 scorpions
  6 wights (D:7)
  2 goliath beetles
  6 crimson imps
  A giant frog zombie (D:6)
  A human zombie (Ossuary)
  3 centaur skeletons
  A centaur zombie (Ossuary)
  A quasit (D:9)
  2 orc priests
  4 giant frog skeletons
  7 hounds
  10 worker ants
  2 iguanas
  4 orc wizards
  A killer bee zombie (D:5)
  Ijyb (D:7)
  A big kobold zombie (Ossuary)
  A hound zombie (D:7)
  3 hound skeletons
  2 mummies (Ossuary)
  2 worker ant zombies
  2 river rats
  16 adders
  2 giant mites
  2 worms
  2 adder skeletons
  3 adder zombies (Ossuary)
  4 giant geckos
  2 oozes
  28 orcs
  11 bats
  A bat skeleton (D:4)
  A bat zombie (D:7)
  14 goblins
  13 hobgoblins
  12 jackals
  18 kobolds
  4 quokkas
  3 ball pythons
  4 giant cockroaches
  7 giant newts
  2 goblin zombies (Ossuary)
  9 hobgoblin zombies (Ossuary)
  9 kobold zombies (Ossuary)
  7 orc zombies (Ossuary)
  A quokka skeleton (D:5)
  A quokka zombie (D:8)
  32 rats
  A rat skeleton (Sewer)
  3 rat zombies (Ossuary)
  4 river rat skeletons (Sewer)
  A river rat zombie (Sewer)
  3 fungi (D:1)
323 creatures vanquished.

Vanquished Creatures (others)
  A slave (D:7)
  A hound (D:7)
  A worker ant (D:7)
3 creatures vanquished.

Grand Total: 326 creatures vanquished

Notes
Turn   | Place    | Note
--------------------------------------------------------------
     0 | D:1      | Jb9000, the Vampire Fighter, began the quest for the Orb.
     0 | D:1      | Reached XP level 1. HP: 17/17 MP: 1/1
   211 | D:1      | Reached skill level 3 in Fighting
   367 | D:1      | Reached XP level 2. HP: 24/24 MP: 2/2
   761 | D:2      | Reached XP level 3. HP: 20/29 MP: 3/3
   952 | D:2      | Found a bloodstained altar of Trog.
   952 | D:2      | Found an iron altar of Okawaru.
   970 | D:2      | Became a worshipper of Warmaster Okawaru
  1174 | D:2      | Reached skill level 1 in Dodging
  1778 | D:3      | Reached XP level 4. HP: 31/35 MP: 4/4
  2267 | D:3      | Reached XP level 5. HP: 38/41 MP: 5/5
  3088 | D:4      | Reached skill level 1 in Maces & Flails
  3091 | D:4      | Reached skill level 1 in Throwing
  3091 | D:4      | Reached XP level 6. HP: 42/47 MP: 6/6
  3145 | D:4      | Acquired Okawaru's first power
  3214 | D:4      | Noticed an ogre
  3218 | D:4      | Noticed Sigmund
  3222 | D:4      | Killed an ogre
  3234 | D:4      | Killed Sigmund
  3234 | D:4      | Reached XP level 7. HP: 37/53 MP: 7/7
  3882 | D:4      | Reached skill level 4 in Fighting
  4085 | D:5      | Entered Level 5 of the Dungeon
  4251 | D:5      | Found a glowing drain.
  4260 | Sewer    | Entered a sewer
  4522 | Sewer    | Reached XP level 8. HP: 52/60 MP: 8/8
  4753 | D:5      | Got a bloodstained hand axe
  4804 | D:5      | Identified the +7 hand axe of Midnight {drain, Dex+2} (You found it on level 5 of the Dungeon)
  4822 | D:5      | Reached skill level 1 in Stealth
  5254 | D:5      | Found a staircase to the Ecumenical Temple.
  5296 | Temple   | Entered the Ecumenical Temple
  5943 | D:6      | Reached skill level 1 in Axes
  6380 | D:6      | Found a shadowy altar of Dithmenos.
  6599 | D:7      | Reached skill level 5 in Dodging
  6599 | D:7      | Reached skill level 5 in Shields
  6636 | D:7      | Reached skill level 5 in Armour
  6663 | D:7      | Found a sand-covered staircase.
  6701 | Ossuary  | Entered an ossuary
  6823 | Ossuary  | Reached XP level 9. HP: 56/64 MP: 9/9
  6872 | Ossuary  | Gained mutation: Your mind is acute. (Int +2) [potion of mutation]
  6872 | Ossuary  | Gained mutation: Your spells are a little harder to cast, but a little more powerful. [potion of mutation]
  6979 | D:7      | Noticed Ijyb
  6986 | D:7      | Killed Ijyb
  7082 | D:7      | Noticed Pikel
  7093 | D:7      | Killed Pikel
  7093 | D:7      | Received a gift from Okawaru
  7093 | D:7      | Reached skill level 5 in Fighting
  8005 | D:8      | Reached skill level 6 in Dodging
  8197 | D:8      | Found a glowing golden altar of the Shining One.
  8441 | D:8      | Found a burning altar of Makhleb.
  8526 | D:8      | Found a sparkling altar of Nemelex Xobeh.
  8667 | D:8      | Reached XP level 10. HP: 74/74 MP: 10/10
  8891 | D:8      | Found a white marble altar of Elyvilon.
  8906 | D:8      | Found an ancient bone altar of Kikubaaqudgha.
  9982 | D:9      | Got an ichor-stained buckler
  9994 | D:9      | Identified the cursed -5 buckler of Fortification {Contam Str+4 Int+4} (You found it on level 9 of the Dungeon)
 10235 | D:9      | Acquired Okawaru's second power
 10238 | D:9      | Reached skill level 7 in Dodging
 10331 | D:9      | HP: 2/74 [electric eel/bolt of electricity (14)]
 10331 | D:9      | Killed from afar by an electric eel

Action                   |  1- 3 |  4- 6 |  7- 9 | 10-12 || total
-------------------------+-------+-------+-------+-------++-------
Melee: Long sword        |   135 |    16 |       |       ||   151
       Flail             |       |    99 |   133 |       ||   232
       Scythe            |       |       |    25 |       ||    25
       Hand axe          |       |       |   362 |    99 ||   461
Throw: Tomahawk          |     6 |    27 |   111 |    28 ||   172
 Abil: End Transformatio |       |       |       |     1 ||     1
       Bat Form          |       |       |       |     1 ||     1
  Use: Scroll            |     8 |     5 |    12 |     3 ||    28
       Potion            |     3 |    10 |    24 |     8 ||    45
 Stab: Sleeping          |       |       |       |     1 ||     1
